 Dungeon Crawl Stone Soup version 0.27.1-2-g3b301248ec (webtiles) character file.

Game seed: 16782420885960331482

3 DoubleLucky the Caller (level 1, -2/10 HPs)
             Began as a Tengu Summoner on Sept 27, 2021.
             Slain by a gnoll (7 damage)
             ... on level 1 of the Dungeon.
             The game lasted 00:01:52 (286 turns).

DoubleLucky the Caller (Tengu Summoner)              Turns: 286, Time: 00:01:52

Health: -2/10      AC:  2    Str:  8    XL:     1   Next: 50%
Magic:  3/4        EV: 12    Int: 15    God:
Gold:   0          SH:  0    Dex: 14    Spells: 3/4 levels left

rFire    . . .     SeeInvis .   d - +0 club
rCold    . . .     Faith    .   (no shield)
rNeg     . . .     Spirit   .   a - +0 robe
rPois    .         Reflect  .   (helmet restricted)
rElec    .         Harm     .   (no cloak)
rCorr    .         Rampage  .   (no gloves)
Will     .....                  (boots unavailable)
Stlth    ++........             (no amulet)
HPRegen  0.03/turn              (no ring)
MPRegen  0.09/turn              (no ring)

@: no status effects
A: beak, talons 3
a: no special abilities


You were on level 1 of the Dungeon.
You visited 1 branch of the dungeon, and saw 1 of its levels.

Inventory:

Hand Weapons
 d - a +0 club (weapon)
Armour
 a - a +0 robe (worn)
Scrolls
 b - a scroll of identify {unknown}
Potions
 c - a potion of resistance {unknown}
 e - a potion of mutation {unknown}


   Skills:
 - Level 2.1 Dodging
 - Level 2.0 Stealth
 - Level 2.0 Spellcasting
 + Level 5.0 Summonings


You had 3 spell levels left.
You knew the following spells:

 Your Spells              Type           Power      Damage    Failure   Level
a - Summon Small Mammal   Summ           64%        N/A       2%          1

Your spell library contained the following spells:

 Spells                   Type           Power      Damage    Failure   Level
 Call Imp                 Summ           16%        N/A       4%          2
 Call Canine Familiar     Summ           16%        N/A       9%          3
 Summon Guardian Golem    Hex/Summ       9%         N/A       24%         3
 Summon Lightning Spire   Summ/Air       9%         N/A       61%         4


Dungeon Overview and Level Annotations

Branches:
Dungeon (1/15)

Altars:


Innate Abilities, Weirdness & Mutations

You have a beak for a mouth.
You have claws for feet.


Message History

The bat barely misses you.
You barely miss the bat.
The bat is moderately wounded.
Your bat barely misses the bat.
The bat hits you but does no damage.
Your bat hits the bat but does no damage.
The bat hits your bat.
Your quokka barely misses the bat.
Your bat misses the bat. You closely miss the bat. Your kick misses the bat.
The bat is moderately wounded.
The bat misses you.
Your bat hits the bat but does no damage.
The bat hits you but does no damage.
You closely miss the bat.
The bat is moderately wounded.
Your bat closely misses the bat.
The bat hits you but does no damage.
Your bat hits the bat but does no damage.
The bat barely misses your bat.
Your quokka bites the bat.
The bat dies!
There is a stone staircase leading down here.
e - a dark potion You swap places.
A gnoll comes into view. It is wielding a +0 whip.
The gnoll shouts!
A bat comes into view.
The gnoll moves out of view.
The bat moves out of view.
Your bat disappears in a puff of smoke!
Your quokka disappears in a puff of smoke!
The gnoll hits you with a +0 whip!
Ouch! That really hurt!
* * * LOW HITPOINT WARNING * * *
You see here a scroll labelled DIDEFI ZOCREWN.
Found 27 arrows.
The gnoll closely misses you.
Casting: Summon Small Mammal (safe; 2% risk of failure)
Confirm with . or Enter, or press ? or * to list all spells.
Your quokka barely misses the gnoll.
Your quokka closely misses the gnoll.
The gnoll hits you with a +0 whip!
Ouch! That really hurt!
You die...

.##.#...............(..#
....#..................#
....#...########.#+#####
....#>#..........#
........†...###..#
.##..##(......#..#
##...#..........r# #
..†..#.##.....##g# ####.####
..####.##.....##@####........
....?.................###....
..................÷..........
....#######....####........
....# #..### #.##..#..
#..#... #..# #.....# #..#.##
#.#########...# #..#.#
#.#≈≈≈≈≈≈≈≈≈≈.# #.#..#
#..≈8≈≈§≈≈≈8≈.#


You could see a gnoll (ally target) and a friendly quokka (summoned).

Vanquished Creatures (collateral kills)
  A ball python (D:1)
  A bat (D:1)
  A hobgoblin (D:1)
  A kobold (D:1)
  A rat (D:1)
5 creatures vanquished.

Notes
Turn   | Place    | Note
-------+----------+-------------------------------------------
     0 | D:1      | DoubleLucky the Tengu Summoner began the quest for the Orb.
     0 | D:1      | Reached XP level 1. HP: 10/10 MP: 4/4
    97 | D:1      | Reached skill level 5 in Summonings
   286 | D:1      | Slain by a gnoll

Illustrated notes

Levels and vault maps discovered:
D:1:      lightli_arrival_boilingwater, layout_basic,
          shapermc_ecumenical_altar_mp_vishouse, minmay_misc_feat_iff

Skill      XL: |  1 |
---------------+----+-----
Summonings     | 5 |  5.0
Dodging        | |  2.1
Stealth        | |  2.0
Spellcasting   | |  2.0

Action                   || total
-------------------------++-------
Melee: Club              ||     3
       Unarmed           ||     2
 Cast: Summon Small Mamm ||    13
Armor: Robe              ||     5
Dodge: Dodged            ||     4
